Map: Turbo Cruise '84 LE

Players

WildGame

  • Race: Terran Terran
  • League: Grandmaster
  • Spawn Location: 7:00

Starlord - Winner!

  • Race: Terran Terran
  • League: Master
  • Spawn Location: 3:00

VOD

https://youtu.be/5ExchtWDpXY

Description

Time

  • Played on: July 29, 2019, 6:51 p.m.
  • Length: 8:09
Show
View Real Time Build Order
Export as new Build Order

WildGame Terran 

Build Orders: Gas First Reaper Expand, Hellion Opening 

Get SALT Encoding   

  12  0:01  SCV  
  13  0:13  SCV  
  14  0:17  Supply Depot  
  14  0:25  SCV  
  14  0:28  Refinery  
  15  0:39  SCV  
  16  0:45  Barracks  
  16  0:51  SCV  
  17  1:03  SCV  
  18  1:15  SCV  
  19  1:34  Reaper, Orbital Command  
  20  1:47  Command Center  
  20  1:59  Factory  
  20  2:02  SCV  
  20  2:08  Barracks Reactor  
  21  2:12  Refinery  
  21  2:15  SCV  
  22  2:21  Supply Depot  
  22  2:27  SCV  
  23  2:43  SCV  
  24  2:46  Starport  
  23  2:55  SCV  
  23  2:58  Hellion x2  
  26  3:07  SCV  
  26  3:16  Orbital Command  
  26  3:24  Hellion, SCV  
  26  3:25  Hellion  
  31  3:27  Barracks Tech Lab  
  31  3:36  SCV  
  32  3:44  SCV  
  32  3:46  Hellion x2  
  37  3:49  Medivac  
  37  3:52  Marine  
  37  3:55  SCV  
  41  3:57  SCV  
  42  4:03  Supply Depot  
  42  4:07  SCV  
  42  4:09  SCV  
  44  4:14  Hellion  
  46  4:25  Hellion, SCV x2  
  46  4:30  Viking  
  50  4:37  SCV  
  32  5:16  Hellion  
  34  5:22  SCV x2  
  36  5:34  SCV, Barracks Tech Lab  
  37  5:43  SCV  
  37  5:46  SCV  
  39  5:52  Raven  
  39  5:56  SCV  
  42  5:58  SCV  
  42  5:59  Supply Depot  
  43  6:08  SCV  
  43  6:10  SCV  
  43  6:11  Cyclone, Marine x2  
  48  6:23  SCV  
  48  6:24  Supply Depot  
  49  6:28  SCV  
  49  6:29  Marine x2  
  52  6:35  SCV  
  52  6:39  Raven  
  53  6:40  SCV, Command Center  
  53  6:43  Siege Tank  
  59  6:47  Marine x2  
  59  6:49  SCV  
  59  6:52  SCV, Refinery  
  40  7:06  Marine  
  40  7:07  Marine  
  31  7:13  Bunker  
  29  7:16  Bunker, Siege Tank  
  30  7:36  Marine x2  
Show
View Real Time Build Order
Export as new Build Order

Starlord Terran - Winner!

Build Orders: 1/1/1, Liberator Opening 

Get SALT Encoding   

  12  0:00  SCV  
  13  0:13  SCV  
  14  0:17  Supply Depot  
  14  0:25  SCV  
  14  0:28  Refinery  
  15  0:39  SCV  
  16  0:45  Barracks  
  16  0:51  SCV  
  17  1:00  Refinery  
  17  1:03  SCV  
  18  1:15  SCV  
  19  1:32  Orbital Command  
  19  1:33  Reaper  
  19  1:39  Factory  
  20  1:48  Supply Depot  
  20  1:58  SCV  
  21  2:05  Reaper  
  22  2:13  SCV  
  23  2:23  Hellion  
  23  2:25  SCV, Starport  
  26  2:35  Supply Depot  
  26  2:43  SCV  
  27  2:45  Liberator  
  27  2:58  SCV  
  27  2:59  Hellion, Reaper  
  27  3:03  Supply Depot  
  34  3:10  SCV  
  35  3:22  SCV  
  35  3:24  Hellion  
  36  3:32  Factory  
  37  3:34  Barracks Reactor  
  37  3:35  SCV  
  37  3:47  Armory  
  38  3:55  Factory Tech Lab  
  38  4:01  Medivac, Supply Depot  
  39  4:25  Infernal Pre-Igniter  
  39  4:27  Hellion x3  
  41  4:48  Hellion x2, Viking  
  41  4:50  Supply Depot  
  41  4:51  Supply Depot  
  44  5:06  SCV  
  38  5:22  Hellion x2, Medivac  
  44  5:31  Hellion  
  46  5:43  Hellion  
  48  5:55  Viking  
  48  5:56  Marine  
  51  6:00  SCV, Supply Depot  
  52  6:06  Hellion x2  
  54  6:18  SCV  
  55  6:21  Hellion  
  57  6:27  Hellion x2  
  57  6:32  SCV  
  62  6:43  Hellion  
  53  7:04  Hellion x2  
  47  7:10  Hellion  
  49  7:21  Viking  
  51  7:25  Hellion  
  49  7:37  Hellion x2  
  49  7:47  SCV  
  50  7:54  Engineering Bay  
Tags
 
Add a new tag
Caveats
  • Supply blocks, unpowered buildings, or Contaminate may cause inaccurate times.
  • Supply counts are checked every 10 seconds.